 Dungeon Crawl Stone Soup version 0.25.0-9-g26727b657a (webtiles) character file.

Game seed: 8595301973266818913

94938 MirrMurr the Unseen (level 15, -5/79 HPs)
             Began as a Spriggan Enchanter on June 21, 2020.
             Was the Champion of Dithmenos.
             Killed by drain life
             ... invoked by a soul eater
              (20 damage)
             ... on level 1 of the Orcish Mines.
             The game lasted 01:21:53 (31464 turns).

MirrMurr the Unseen (Spriggan Enchanter)           Turns: 31464, Time: 01:21:54

Health: -5/79      AC:  8    Str: 15    XL:     15   Next: 64%
Magic:  26/26      EV: 33    Int: 19    God:    Dithmenos [******]
Gold:   2051       SH:  8    Dex: 16    Spells: 11/26 levels left

rFire    + . .     SeeInvis +   a - +9 rapier of Ointment {vorpal, rElec MR+ Str+6}
rCold    + + .     Gourm    .   L - +1 buckler {rC+}
rNeg     . . .     Faith    .   H - +0 acid dragon scales
rPois    +         Spirit   .   W - +2 hat
rElec    +         Reflect  .   o - scarf {rC+ rF+}
rCorr    +         Harm     .   (gloves unavailable)
MR       +++..                  (boots unavailable)
Stlth    ++++++++++             R - amulet of regeneration
HPRegen  0.63/turn              Q - +4 ring of evasion
MPRegen  0.20/turn              u - ring of poison resistance

@: wreathed by umbra, very quick
A: very small, unfitting armour, see invisible, herbivore, speed 3, slow
metabolism 2
a: Shadow Step, Shadow Form, Renounce Religion


You were on level 1 of the Orcish Mines.
You worshipped Dithmenos.
Dithmenos was exalted by your worship.
You were hungry.

You visited 4 branches of the dungeon, and saw 24 of its levels.
You also visited: Ice Cave.

You collected 2171 gold pieces.
You spent 120 gold pieces at shops.

Inventory:

Hand Weapons
 a - the +9 rapier of Ointment (weapon) {vorpal, rElec MR+ Str+6}
   (You found it on level 6 of the Lair of Beasts)

   It inflicts extra damage upon your enemies.
   It affects your strength (+6).
   It insulates you from electricity.
   It affects your resistance to hostile enchantments.
 b - a +2 dagger of venom
 I - a +2 vorpal scimitar
Missiles
 e - 551 stones
 j - 14 throwing nets
 n - 11 curare-tipped darts
 t - 82 poisoned darts
 B - 76 sling bullets
 P - 19 boomerangs (quivered)
Armour
 o - a scarf of resistance (worn)
 H - +0 acid dragon scales (worn)
 L - a +1 buckler of cold resistance (worn)
 T - a +0 cloak
 W - a +2 hat (worn)
Jewellery
 q - an uncursed ring of ice
 u - a ring of poison resistance (right hand)
 F - the ring of the Mage {Wiz MR++ Int+3}
   (You found it on level 13 of the Dungeon)

   [ring of wizardry]

   It improves your spell success rate.
   It affects your intelligence (+3).
   It affects your resistance to hostile enchantments.
 Q - a +4 ring of evasion (left hand)
 R - an amulet of regeneration (around neck)
 U - an uncursed ring of positive energy
Wands
 h - a wand of iceblast (50)
 x - a wand of flame (99)
 z - a wand of random effects (49)
 A - a wand of polymorph (15)
 M - a wand of clouds (3)
 N - a wand of paralysis (22)
Scrolls
 i - 6 scrolls of identify
 l - 4 scrolls of fear
 r - 9 scrolls of remove curse
 y - 5 scrolls of magic mapping
 G - 6 scrolls of teleportation
 K - 2 scrolls of fog
 S - a scroll of immolation
Potions
 d - 7 potions of stabbing
 f - 3 potions of brilliance
 g - 10 potions of curing
 k - 5 potions of heal wounds
 m - 2 potions of haste
 p - 3 potions of flight
 s - 3 potions of magic
 v - 7 potions of might
 C - 6 potions of mutation
 D - a potion of cancellation
 J - 3 potions of berserk rage
 X - a potion of resistance
Miscellaneous
 E - 2 phantom mirrors
Comestibles
 c - 20 rations


   Skills:
 + Level 9.4 Fighting
 + Level 11.5 Short Blades
 - Level 15.0 Dodging
 + Level 18.7 Stealth
 + Level 4.8 Shields
 - Level 6.0 Spellcasting
 - Level 10.0 Hexes
 + Level 13.5 Invocations


You had 11 spell levels left.
You knew the following spells:

 Your Spells              Type           Power        Failure   Level  Hunger
a - Ensorcelled Hibernat  Hex/Ice        ###...       3%          2    None
b - Confusing Touch       Hex            #####...     1%          3    ##.....
c - Tukima's Dance        Hex            #####...     1%          3    ##.....
d - Dazzling Flash        Conj/Hex       ###...       7%          3    ##.....
f - Cause Fear            Hex            #####.....   3%          4    ####...

Your spell library contained the following spells:

 Spells                   Type           Power        Failure   Level  Hunger
 Corona                   Hex            #####..      1%          1    None
 Beastly Appendage        Tmut           #.....       19%         1    None
 Magic Dart               Conj           #...         19%         1    None
 Shock                    Conj/Air       #...         19%         1    None
 Fulminant Prism          Conj/Hex       ###.......   24%         4    ####...
 Corpse Rot               Necr/Air       N/A          28%         2    None
 Searing Ray              Conj           #.....       28%         2    None
 Sticks to Snakes         Tmut           #.......     28%         2    None
 Sublimation of Blood     Necr           #.........   28%         2    None
 Swiftness                Chrm/Air       #.......     28%         2    None
 Spider Form              Tmut/Pois      #.........   50%         3    ##.....
 Static Discharge         Conj/Air       #.......     50%         3    ##.....
 Silence                  Hex/Air        ###.......   54%         5    #####..
 Yara's Violent Unravell  Hex/Tmut       ###.......   54%         5    #####..
 Airstrike                Air            #.........   88%         4    ####...
 Dispel Undead            Necr           #.......     88%         4    ####...
 Ice Form                 Ice/Tmut       #.......     88%         4    ####...
 Iskenderun's Mystic Bla  Conj/Tloc      #.......     88%         4    ####...
 Agony                    Necr           #.......     99%         5    #####..
 Blade Hands              Tmut           #.........   99%         5    #####..
 Bolt of Magma            Conj/Fire/Erth #.........   99%         5    #####..
 Excruciating Wounds      Chrm/Necr      #.........   99%         5    #####..
 Iskenderun's Battlesphe  Conj/Chrm      #.......     99%         5    #####..
 Lightning Bolt           Conj/Air       #.........   99%         5    #####..
 Iron Shot                Conj/Erth      #.........   100%        6    #######
 Orb of Destruction       Conj           #.........   100%        7    #######
 Spellforged Servitor     Conj/Summ      #.........   100%        7    #######
 Discord                  Hex            #####.....   100%        8    #######


Dungeon Overview and Level Annotations

Branches:
Dungeon (15/15)            Temple (1/1) D:5            Lair (6/6) D:9
 Shoals (0/4) Lair:3       Spider (0/4) Lair:2        Slime (0/5) Lair:5
    Orc (2/2) D:11            Elf (0/3) Orc:2        Vaults (0/5) D:14
 Depths (0/5) D:15          IceCv (visited)

Altars:
Ashenzari
Cheibriados
Dithmenos
Elyvilon
Fedhas
Gozag
Hepliaklqana
Kikubaaqudgha
Makhleb
Nemelex Xobeh
Okawaru
Qazlal
Ru
Sif Muna
Trog
Uskayaw
Vehumet
Wu Jian
Xom
Yredelemnul
Zin
The Shining One
Beogh
Jiyva
Lugonu

Shops:
D:5 =   D:7 (   D:12 ?   D:13 *

Annotations:
D:12 2 transporters, Odaro's ghost, journeyman FoFi
Lair:5 1 runed translucent door
Orc:2 Erolcha


Innate Abilities, Weirdness & Mutations

You are very small and have problems with some larger weapons.
You are too small for most types of armour.
You have supernaturally acute eyesight. (SInv)
You are a herbivore.
You cover ground extremely quickly.
You need to consume almost no food.


Message History

You block the soul eater's attack.
You climb upwards.
There is a stone staircase leading down here.
You hit the soul eater but do no damage.
You barely miss the soul eater.
The soul eater draws from the surrounding life force!
You hit the soul eater.
The soul eater is lightly wounded.
You puncture the soul eater!
The soul eater is lightly wounded.
The soul eater draws from the surrounding life force!
The soul eater is healed.
You are too injured to fight recklessly!
You are too injured to fight recklessly!
You are too injured to fight recklessly!
The soul eater draws from the surrounding life force!
* * * LOW HITPOINT WARNING * * *
You emit a cloud of dark smoke.
The soul eater draws from the surrounding life force!
You die...

##....#......>..#..#.....#
#......................##
##............#........#
###..........3......#..##
##.#................#....#
#.......#...............##
##.##..#...§..§#..#...###
#####.....§§§§..>....##
#.....)§§@§...#....## #####
###....#.#...........##
.#..###.#....####[##.##.....##
.....#........#....###.......##
.#...##.#.........## ##.#.....#
##.....#....#.#.#.## ##.##..##
#.......#..#.......## #...#.##
##..................# #......#
###..........[....## ##.##.##


You could see a soul eater.

Vanquished Creatures
  An orc warlord (Orc:1)
  Nessos (Orc:2)
  Snorg (D:12)
  A yaktaur captain (D:15)
  Josephine (D:11)
  A vault guard (D:14)
  Harold (D:7)
  5 hydras
  5 catoblepae
  A death knight (D:14)
  An ogre mage (D:15)
  5 death yaks
  11 two-headed ogres
  2 centaur warriors
  A deep troll shaman (Lair:6)
  2 sixfirhies
  4 skeletal warriors (D:12)
  3 unseen horrors
  A wolf spider zombie (D:15)
  3 deep elf magi
  A wolf spider (Lair:2)
  A necromancer (IceCv)
  3 orc knights
  7 cyclopes
  3 orc sorcerers
  A moth of wrath (shapeshifter) (D:12)
  2 ugly things (D:11)
  5 manticores
  6 centaur zombies
  8 elephants
  5 black mambas
  7 spiny frogs
  An ice statue (IceCv)
  2 gargoyles (D:11)
  A rime drake (Lair:4)
  A yaktaur (D:15)
  11 freezing wraiths
  An efreet (D:8)
  A kobold demonologist (D:14)
  7 komodo dragons
  Maggie (D:9)
  A yaktaur (shapeshifter) (D:14)
  An ice devil (Orc:2)
  A queen bee (Lair:5)
  9 trolls
  3 jumping spiders (Lair:2)
  A tengu conjurer (D:14)
  3 polar bears
  4 meliai
  A wolf spider simulacrum (IceCv)
  Prince Ribbit (D:8)
  9 blink frogs (Lair:2)
  A hornet (D:7)
  13 dream sheep
  7 hippogriffs
  2 meliai zombies
  7 redbacks (D:15)
  6 wyverns
  6 wraiths
  A basilisk (Lair:6)
  A shadow (D:14)
  36 yaks
  Eustachio (D:4)
  3 hungry ghosts
  Grum (D:8)
  A warg (Orc:1)
  3 acid dragons
  A soldier ant (D:13)
  10 water moccasins
  3 porcupines
  2 sky beasts
  An eye of draining (D:14)
  5 necrophages
  4 phantoms
  3 black bears
  19 ice beasts
  An alligator simulacrum (IceCv)
  34 orc warriors
  10 ogres
  9 wolves
  6 centaurs
  11 crocodiles
  A big kobold (D:10)
  27 bullfrogs
  A wyvern zombie (D:6)
  4 scorpions
  2 water moccasin skeletons
  38 killer bees
  An elephant simulacrum (IceCv)
  A swamp dragon simulacrum (IceCv)
  An electric eel (D:9)
  7 crimson imps
  2 bullfrog skeletons
  2 draconian simulacra (IceCv)
  5 hounds
  7 jellies
  7 centaur skeletons
  7 orc priests
  6 iguanas
  16 orc wizards
  6 troll simulacra (IceCv)
  14 worker ants
  A killer bee zombie (D:6)
  4 centaur simulacra
  A hound zombie (D:11)
  2 hound skeletons
  3 worker ant zombies
  A howler monkey skeleton (D:10)
  3 gnolls (D:2)
  6 ogre simulacra (IceCv)
  12 adders
  4 naga simulacra (IceCv)
  5 shadow imps
  12 white imps (IceCv)
  A worker ant simulacrum (D:9)
  2 ufetubi (D:9)
  2 adder skeletons
  4 worms
  4 leopard geckos
  54 orcs
  7 giant cockroaches
  4 goblins
  8 hobgoblins
  14 jackals
  6 kobolds
  2 quokkas
  3 ball pythons (D:3)
  3 bats (D:3)
  2 frilled lizards
  A leopard gecko zombie (D:6)
  A quokka skeleton (D:8)
  A quokka zombie (D:8)
  8 rats
704 creatures vanquished.

Vanquished Creatures (collateral kills)
  Sonja (D:10)
1 creature vanquished.

Vanquished Creatures (others)
  2 dancing weapons (D:12)
  An orc priest (D:11)
  A bush (Lair:6)
  4 fungi
  2 plants (Lair:6)
10 creatures vanquished.

Grand Total: 715 creatures vanquished

Notes
Turn   | Place    | Note
-------+----------+-------------------------------------------
     0 | D:1      | MirrMurr the Spriggan Enchanter began the quest for the
                  | Orb.
     0 | D:1      | Reached XP level 1. HP: 9/9 MP: 5/5
   904 | D:1      | Reached skill level 5 in Stealth
   904 | D:1      | Reached XP level 2. HP: 7/13 MP: 6/6
  1347 | D:2      | Learned a level 2 spell: Ensorcelled Hibernation
  1693 | D:2      | Reached XP level 3. HP: 16/16 MP: 5/8
  1711 | D:2      | Reached skill level 6 in Stealth
  1904 | D:2      | Reached XP level 4. HP: 21/21 MP: 9/9
  2447 | D:3      | You fall into a shaft and drop 2 floors!
  2447 | D:5      | Entered Level 5 of the Dungeon
  2543 | D:5      | Noticed a sky beast
  2550 | D:5      | Killed a sky beast
  2550 | D:5      | Reached skill level 7 in Stealth
  2550 | D:5      | Reached XP level 5. HP: 24/24 MP: 10/10
  2624 | D:5      | Found a staircase to the Ecumenical Temple.
  2630 | Temple   | Entered the Ecumenical Temple
  2711 | Temple   | Became a worshipper of Dithmenos the Shadowed
  2822 | D:4      | Reached skill level 5 in Short Blades
  2822 | D:4      | Reached skill level 8 in Stealth
  2822 | D:4      | Reached XP level 6. HP: 28/28 MP: 8/11
  3363 | D:3      | Learned a level 3 spell: Confusing Touch
  3367 | D:3      | Learned a level 3 spell: Tukima's Dance
  3617 | D:4      | Reached * piety under Dithmenos
  3772 | D:4      | Reached skill level 5 in Hexes
  3898 | D:4      | Reached XP level 7. HP: 32/32 MP: 9/14
  4266 | D:4      | Noticed Eustachio
  4278 | D:4      | Killed Eustachio
  4642 | D:5      | Learned a level 3 spell: Dazzling Flash
  4645 | D:5      | Found Ufyhoq's Jewellery Shoppe.
  4864 | D:5      | Reached skill level 1 in Fighting
  4864 | D:5      | Reached XP level 8. HP: 12/37 MP: 12/15
  5209 | D:5      | Found a glowing golden altar of the Shining One.
  5753 | D:8      | Noticed Prince Ribbit
  5753 | D:8      | Noticed a komodo dragon
  6145 | D:8      | Killed Prince Ribbit
  6145 | D:8      | Reached skill level 5 in Dodging
  6217 | D:8      | Killed a komodo dragon
  6387 | D:8      | Reached ** piety under Dithmenos
  6387 | D:8      | Reached XP level 9. HP: 37/45 MP: 8/16
  6675 | D:8      | Noticed Grum
  6681 | D:8      | Reached skill level 9 in Stealth
  6693 | D:8      | Killed Grum
  6848 | D:8      | Noticed an efreet
  6850 | D:8      | Killed an efreet
  6854 | D:8      | Reached skill level 10 in Stealth
  7041 | D:9      | Noticed a polar bear
  7123 | D:9      | Noticed Maggie
  7125 | D:9      | Noticed a death yak
  7128 | D:9      | Noticed a death yak
  7132 | D:9      | Noticed a death yak
  7264 | D:9      | Reached skill level 10 in Dodging
  7590 | D:9      | Noticed a two-headed ogre
  8079 | D:9      | Reached skill level 11 in Stealth
  8109 | D:9      | Killed a polar bear
  8109 | D:9      | Reached XP level 10. HP: 39/49 MP: 13/17
  8148 | D:9      | Killed a two-headed ogre
  8782 | D:9      | Noticed a cyclops
  8784 | D:10     | Entered Level 10 of the Dungeon
  8852 | D:10     | Found a shimmering blue altar of Sif Muna.
  8974 | D:10     | Reached skill level 12 in Stealth
  9273 | D:10     | Reached *** piety under Dithmenos
  9352 | D:10     | Noticed Sonja
  9506 | D:10     | Killed Sonja
  9717 | D:10     | Reached skill level 1 in Invocations
  9952 | D:10     | Reached skill level 5 in Spellcasting
 10444 | D:11     | Noticed a green ugly thing
 10446 | D:11     | Killed a green ugly thing
 10446 | D:11     | Reached XP level 11. HP: 54/54 MP: 19/19
 10447 | D:11     | Found a blossoming altar of Fedhas.
 10657 | D:11     | Noticed Josephine
 10699 | D:11     | Reached **** piety under Dithmenos
 11166 | D:11     | Killed Josephine
 11277 | D:11     | Reached skill level 5 in Fighting
 11277 | D:11     | Reached skill level 13 in Stealth
 11443 | D:9      | Noticed a death yak
 11451 | D:9      | Killed a death yak
 11549 | D:9      | Found a staircase to the Lair.
 11558 | Lair:1   | Entered Level 1 of the Lair of Beasts
 11990 | Lair:3   | Noticed a five-headed hydra
 12001 | Lair:3   | Killed a five-headed hydra
 12115 | Lair:6   | Entered Level 6 of the Lair of Beasts
 13025 | D:6      | Noticed a two-headed ogre
 13032 | D:6      | Killed a two-headed ogre
 13032 | D:6      | Reached XP level 12. HP: 60/60 MP: 22/22
 13129 | D:6      | Reached ***** piety under Dithmenos
 13134 | D:6      | Found a bloodstained altar of Trog.
 13504 | D:7      | Paralysed by a hornet for 2 turns
 13772 | D:7      | Found Qiannix's Antique Weapon Shop.
 13808 | D:7      | Bought a runed dagger for 120 gold pieces
 14256 | D:7      | Reached skill level 14 in Stealth
 14319 | D:7      | Noticed Harold
 14326 | D:7      | Killed Harold
 14326 | D:7      | Reached skill level 10 in Short Blades
 14326 | D:7      | Reached skill level 10 in Hexes
 15343 | D:9      | Killed Maggie
 15465 | D:8      | Killed a death yak
 15542 | D:9      | Killed a death yak
 15558 | D:9      | Killed a death yak
 15823 | D:11     | Reached skill level 15 in Stealth
 16183 | D:11     | Reached skill level 15 in Dodging
 16354 | D:11     | You fall into a shaft and drop 3 floors!
 16355 | D:14     | Noticed a catoblepas
 16360 | D:14     | Killed a catoblepas
 16360 | D:14     | Reached skill level 5 in Invocations
 16364 | D:14     | Noticed a death knight
 16367 | D:14     | Killed a death knight
 16405 | D:14     | Found a gate to the Vaults.
 16405 | D:14     | Noticed a vault guard
 16418 | D:14     | Killed a vault guard
 16647 | D:14     | Reached XP level 13. HP: 52/65 MP: 20/23
 16887 | D:13     | Found an ancient bone altar of Kikubaaqudgha.
 16992 | D:12     | Found a transporter.
 16992 | D:12     | Found a transporter.
 16993 | D:12     | Noticed Odaro's ghost (journeyman FoFi)
 17015 | D:12     | Found Maomit's Magic Scroll Boutique.
 17023 | D:12     | Noticed Snorg
 17032 | D:12     | Killed Snorg
 17261 | D:12     | Reached skill level 10 in Invocations
 17721 | D:11     | Found a staircase to the Orcish Mines.
 18538 | Lair:2   | Found a blossoming altar of Fedhas.
 19069 | Lair:2   | Found a hole to the Spider Nest.
 19442 | Lair:3   | Reached ****** piety under Dithmenos
 19506 | Lair:3   | Found a staircase to the Shoals.
 20443 | Lair:4   | Identified the cursed +0 robe of the Moon Troll {*Slow
                  | rElec Regen+ Str+4} (You found it on level 4 of the Lair of
                  | Beasts)
 20780 | Lair:4   | Reached skill level 16 in Stealth
 21671 | Lair:5   | Reached XP level 14. HP: 72/72 MP: 24/24
 21683 | Lair:5   | Found a runed translucent door.
 21684 | Lair:5   | Found a viscous altar of Jiyva.
 21685 | Lair:5   | Found a staircase to the Slime Pits.
 23100 | Lair:6   | Identified a scroll of acquirement
 23464 | Lair:6   | Reached skill level 1 in Shields
 23879 | Lair:6   | Reached skill level 17 in Stealth
 23969 | Lair:6   | Learned a level 4 spell: Cause Fear
 24189 | Lair:6   | Identified the +9 rapier of Ointment {vorpal, rElec MR+
                  | Str+6} (You found it on level 6 of the Lair of Beasts)
 24857 | D:12     | Found a corrupted altar of Lugonu.
 25562 | D:13     | Found Ego Xom's General Store.
 25686 | D:13     | Found the ring of the Mage {Wiz MR++ Int+3}
 26512 | D:15     | Entered Level 15 of the Dungeon
 26693 | D:15     | Found a staircase to the Depths.
 26769 | D:15     | Reached XP level 15. HP: 75/78 MP: 25/25
 27017 | D:15     | Found a frozen archway.
 27043 | IceCv    | Entered an ice cave
 27169 | IceCv    | Reached skill level 18 in Stealth
 27310 | IceCv    | Found an ancient bone altar of Kikubaaqudgha.
 28848 | Orc:1    | Entered Level 1 of the Orcish Mines
 29293 | Orc:1    | Noticed an orc warlord
 30085 | Orc:1    | HP: 3/79 [orc warlord (25)]
 30469 | Orc:1    | Killed an orc warlord
 30582 | Orc:2    | Entered Level 2 of the Orcish Mines
 30582 | Orc:2    | Found a staircase to the Elven Halls.
 30611 | Orc:2    | Noticed Nessos
 30725 | Orc:1    | Found a roughly hewn altar of Beogh.
 31040 | Orc:2    | Killed Nessos
 31044 | Orc:2    | Noticed Erolcha
 31464 | Orc:1    | Killed from afar by a soul eater

Illustrated notes

Levels and vault maps discovered:
D:1:      onia_arrival_mini_spirals, layout_loops_ring
D:2:      layout_basic, first_ration, minmay_misc_feat_doors,
          minmay_worlds_worst_comb
D:3:      layout_basic, minmay_shallow_snake_nest
D:4:      layout_cave_pods, minmay_circle_x, uniq_eustachio
D:5:      layout_loops_corners, tso_metal_star, minmay_temple_entry_hall,
          serial_shops, nicolae_shop_statue_plus
D:6:      layout_cave_pools, basic_altar
D:7:      layout_layer_cave, serial_shops, shop, grunt_ogre_cave, uniq_harold
D:8:      minmay_cornered_nines, layout_rooms, minmay_manual_mail, uniq_grum,
          uniq_prince_ribbit1
D:9:      layout_cave_pools, dpeg_lair_monsters, serial_ice, serial_ice_i,
          serial_ice_n, serial_ice_a, serial_ice_h, lightli_minifort,
          uniq_maggie
D:10:     layout_loops_corners, minmay_ruined_shrine, uniq_sonja
D:11:     layout_rooms, hiddenorc1_lemuel, basic_altar,
          kennysheep_generic_room_9, uniq_josephine
D:12:     layout_basic, serial_shops, shop, gammafunk_ghost_arena,
          tgw_lugonu_bribe, uniq_snorg
D:13:     layout_cave_pools, serial_shops, shop_statue, basic_altar,
          skrybe_limestone_x
D:14:     layout_roguey, david_vaults_5, st_stairs_11, glass_columns_b
D:15:     grunt_enter_depths_snipers, layout_basic,
          portal_ice_cave_entry_ice_beasts, drop_trap, minmay_microvault
Temple:   grunt_wide_crystal_templ
Lair:1:   layout_roguey, gauntlet_entry_generic
Lair:2:   layout_loops_ring, spider_nest_entry_funnel_web, basic_altar
Lair:3:   layout_hall_layers, minmay_shoals_entry_beasts,
          chequers_serial_rivers_small_b
Lair:4:   layout_regular_city, grunt_megastairs_5
Lair:5:   nzn_motion_control, layout_gridlike, slime_altar_2, special_room
          [special_room_bee], serial_rivers, chequers_serial_rivers_micro_c,
          chequers_serial_rivers_micro_e, chequers_serial_rivers_micro_a,
          chequers_serial_rivers_large_b, grunt_megastairs_3
Lair:6:   grunt_lair_end_beastmaster, layout_regular_city
Orc:1:    layout_caves, basic_altar
Orc:2:    pf_orc_diabolical, layout_caves, uniq_nessos, uniq_erolcha,
          uniq_saint_roka

Skill      XL: |  1  2  3  4  5  6  7  8  9 10 11 12 13 14 15 |
---------------+----------------------------------------------+-----
Stealth        | 5 6 7 8 11 12 13 15 16 17 18 | 18.7
Short Blades   | 2 3 4 5 7 8 9 10 11 | 11.5
Hexes          | 5 8 9 10 | 10.0
Spellcasting   | 4 5 6 |  6.0
Fighting       | 1 4 5 6 7 8 9 |  9.4
Dodging        | 8 10 12 13 15 | 15.0
Invocations    | 1 3 8 11 13 | 13.5
Shields        | 3 4 |  4.8

Action                   |  1- 3 |  4- 6 |  7- 9 | 10-12 | 13-15 || total
-------------------------+-------+-------+-------+-------+-------++-------
Melee: Dagger            |    64 |   107 |   303 |   516 |   466 ||  1456
       Rapier            |       |       |       |       |   790 ||   790
Throw: Boomerang         |       |       |       |       |    20 ||    20
       Stone             |       |       |       |       |     1 ||     1
 Cast: Corona            |     3 |       |       |       |       ||     3
       Ensorcelled Hiber |     6 |     9 |    58 |   111 |   292 ||   476
       Confusing Touch   |       |     1 |     8 |    22 |    13 ||    44
       Tukima's Dance    |       |       |       |     8 |    18 ||    26
       Dazzling Flash    |       |       |       |     6 |     1 ||     7
Invok: Shadow Step       |       |       |       |       |     3 ||     3
Evoke: Wand              |       |       |       |       |     4 ||     4
  Use: Scroll            |     4 |     7 |     4 |    10 |    13 ||    38
       Potion            |       |       |       |     2 |     2 ||     4
 Stab: Sleeping          |     7 |    21 |    40 |   120 |   214 ||   402
       Confused          |       |     1 |     9 |    26 |     8 ||    44
       Distracted        |       |     1 |     1 |     1 |     6 ||     9
       Invisible         |       |       |       |     7 |     1 ||     8
  Eat: Ration            |       |       |     5 |     6 |     8 ||    19
Armor: Robe              |     2 |     7 |     9 |    11 |       ||    29
       Acid dragon scale |       |       |       |     8 |    53 ||    61
Dodge: Dodged            |    56 |    72 |   261 |   417 |  1245 ||  2051
Block: Buckler           |       |       |       |       |   308 ||   308
